 Dungeon Crawl Stone Soup version 0.24-a0-630-g0d56a851f4 (webtiles) character file.

Game seed: 4654547134750305130, levelgen mode: deterministic

12 Erlindor the Sneak (level 2, 0/17 HPs)
             Began as a Vampire Assassin on Sept 19, 2019.
             Slain by a jackal (1 damage)
             ... on level 1 of the Dungeon.
             The game lasted 00:02:25 (249 turns).

Erlindor the Sneak (Vampire Assassin)                Turns: 249, Time: 00:02:26

Health: 0/17       AC:  3    Str:  9 (10) XL:     2   Next: 20%
Magic:  2/2        EV: 12    Int: 10 (13) God:
Gold:   10         SH:  0    Dex: 13 (15) Spells: 1/1 levels left

rFire    . . .     SeeInvis +   a - +2 dagger
rCold    + + .     Gourm    .   (no shield)
rNeg     + + +     Faith    .   b - +0 robe
rPois    ∞         Spirit   .   (no helmet)
rElec    .         Reflect  .   c - +0 cloak
rCorr    .         Harm     .   (no gloves)
MR       .....                  (no boots)
Stlth    +++++.....             (no amulet)
HPRegen  0.00/turn              (no ring)
MPRegen  0.08/turn              (no ring)

@: bloodless, regenerating quickly
A: no food, fangs 3, see invisible, unbreathing
a: Revivify


You were on level 1 of the Dungeon.
You were bloodless.

You visited 1 branch of the dungeon, and saw 1 of its levels.

You collected 10 gold pieces.

Inventory:

Hand Weapons
 a - a +2 dagger (weapon)
Missiles
 d - 8 poisoned darts (quivered)
 e - 2 curare-tipped darts
Armour
 b - a +0 robe (worn)
 c - a +0 cloak (worn)
Scrolls
 f - a scroll of identify {unknown}


   Skills:
 * Level 2.2 Fighting
 - Level 2.1 Short Blades
 - Level 1.5 Throwing
 + Level 1.5 Dodging
 + Level 6.1 Stealth


You had one spell level left.
You didn't know any spells.
Your spell library was empty.

Dungeon Overview and Level Annotations

Branches:
Dungeon (1/15)

Altars:


Innate Abilities, Weirdness & Mutations

You do not eat.
You do not regenerate when monsters are visible.
You are frail without blood (-20% HP).
You are immune to poison.
You have razor-sharp teeth.
You have supernaturally acute eyesight. (SInv)
You can survive without breathing.


Message History

The jackal bites you but does no damage.
You see here a frilled lizard corpse.
The jackal bites you but does no damage.
The jackal bites you but does no damage.
The jackal misses you. The jackal closely misses you. The jackal misses you.
It was a potion of degeneration.
There was something very wrong with that liquid.
You feel weakened.
You feel dopey.
You feel clumsy. The jackal closely misses you. The jackal barely misses you.
You closely miss the jackal. The jackal misses you.
You hit the jackal. You bite the jackal, but do no damage.
The jackal is almost dead.
The jackal bites you but does no damage.
You barely miss the jackal.
The jackal is almost dead.
The jackal bites you.
You die...

...........##...##.#.##.##.
## #.........###..###.#.##.#
##.......## #......#.##.#
####.#######...........#
#...#.......†####.####
....#.#........(# #.#
.....#..#.##.#### #.#
.......##....#######.# #
.............>..@hh..#####.##
....######...######.(w......#
.... ###.# #.###.##.## #.#.
#.# #.# #.# .. ######.####
#.# #.####### #.........# #.#
#.......# #.####.##.# #.#
#.....#.###
#.##.###.###..........
#.##.......g...h.#.###


You could see a dart slug and 2 jackals.

Vanquished Creatures
  2 dart slugs (D:1)
  2 goblins (D:1)
  2 jackals (D:1)
  A frilled lizard (D:1)
  A rat (D:1)
8 creatures vanquished.

Notes
Turn   | Place    | Note
-------+----------+-------------------------------------------
     0 | D:1      | Erlindor the Vampire Assassin began the quest for the Orb.
     0 | D:1      | Reached XP level 1. HP: 16/16 MP: 1/1
   135 | D:1      | Reached skill level 6 in Stealth
   135 | D:1      | Reached XP level 2. HP: 17/17 MP: 2/2
   249 | D:1      | Slain by a jackal

Levels and vault maps discovered:
D:1:      psy_arrival_dodecagon, layout_loops_ring

Skill      XL: |  1 |
---------------+----+-----
Fighting       | 2 |  2.2
Stealth        | 6 |  6.1
Short Blades   | |  2.1
Throwing       | |  1.5
Dodging        | |  1.5

Action                   || total
-------------------------++-------
Melee: Dagger            ||    38
       Bite              ||     2
 Abil: Exsanguinate      ||     1
  Use: Potion            ||     1
 Stab: Sleeping          ||     3
Armor: Robe              ||    11
Dodge: Dodged            ||    29

Table legend:
 A = Non-vault XP
 B = Vault XP
 C = Vault XP percentage of total XP
 D = Non-vault monster count
 E = Vault monster count
 F = Vault count percentage of total count
                 A         B        C        D         E       F
            +---------+---------+-------+---------+---------+-------
      Total |      18 |       0 |   0.0 |       8 |       0 |   0.0
            +---------+---------+-------+---------+---------+-------
        D:1 |      18 |       0 |   0.0 |       8 |       0 |   0.0
            +---------+---------+-------+---------+---------+-------
